 Dungeon Crawl Stone Soup version 0.30-a0-939-gc8157cb160 (webtiles) character file.

Game seed: 9559897121797564771

701 arthad the Fighter (level 7, -1/64 HPs)
             Began as a Gnoll Wanderer on Mar 26, 2023.
             Slain by Pikel
             ... wielding a +1 whip of electrocution
              (8 damage)
             ... on level 4 of the Dungeon.
             The game lasted 00:06:46 (3100 turns).

arthad the Fighter (Gnoll Wanderer)                 Turns: 3100, Time: 00:06:46

Health: -1/64      AC:  4    Str: 17    XL:     7   Next: 66%
Magic:  20/20      EV: 12    Int: 10    God:
Gold:   190        SH:  0    Dex: 15    Spells: 8/11 levels left

rFire   . . .      SeeInvis .    a - +3 falchion
rCold   . . .      Faith    .    (no shield)
rNeg    . . .      Spirit   .    d - +0 leather armour
rPois   .          Reflect  .    (no helmet)
rElec   .          Rampage  .    t - +0 cloak
rCorr   .                        (no gloves)
Will    .....                    (no boots)
Stlth   ++                       b - amulet of magic regeneration
HPRegen 0.30/turn                j - ring of magical power
MPRegen 0.57/turn                m - +6 ring of dexterity

@: attractive
A: fangs 1, strong nose, distributed training
a: no special abilities


You were on level 4 of the Dungeon.
You visited 1 branch of the dungeon, and saw 4 of its levels.

You collected 190 gold pieces.

Inventory:

Hand Weapons
 a - a +3 falchion (weapon)
 h - a +2 short sword of speed
 p - a +2 whip of venom
Armour
 d - a +0 leather armour (worn)
 n - a +1 ring mail of fire resistance
 t - a +0 cloak (worn)
Jewellery
 b - an amulet of magic regeneration (around neck)
 j - a ring of magical power (left hand)
 m - a +6 ring of dexterity (right hand)
Wands
 u - a wand of digging (6)
 x - a wand of flame (14)
Scrolls
 c - a scroll of blinking
 e - 3 scrolls of enchant armour {unknown}
 f - a scroll of vulnerability {unknown}
 k - a scroll of amnesia {unknown}
 r - a scroll of fear {unknown}
 s - a scroll of brand weapon {unknown}
 v - a scroll of poison {unknown}
 w - a scroll of identify {unknown}
 y - a scroll of enchant weapon {unknown}
Potions
 g - a potion of brilliance {unknown}
 i - a potion of berserk rage {unknown}
 l - a potion of flight {unknown}
 o - a potion of haste {unknown}
 q - a potion of attraction


   Skills:
 + Level 9.0 Fighting
 + Level 2.7 Short Blades
 + Level 7.1 Long Blades
 + Level 2.7 Axes
 + Level 2.7 Maces & Flails
 + Level 2.7 Polearms
 + Level 2.7 Staves
 + Level 2.7 Ranged Weapons
 + Level 2.7 Throwing
 + Level 5.4 Armour
 + Level 2.7 Dodging
 + Level 2.7 Stealth
 + Level 2.7 Shields
 + Level 3.8 Unarmed Combat
 + Level 2.7 Spellcasting
 + Level 2.2 Conjurations
 + Level 2.2 Hexes
 + Level 2.2 Summonings
 + Level 2.2 Necromancy
 + Level 2.2 Translocations
 + Level 2.2 Transmutations
 + Level 2.2 Fire Magic
 + Level 2.2 Ice Magic
 + Level 2.2 Air Magic
 + Level 2.2 Earth Magic
 + Level 2.2 Poison Magic
 + Level 3.0 Invocations
 + Level 2.7 Evocations


You had 8 spell levels left.
You knew the following spells:

 Your Spells              Type           Power      Damage    Failure   Level
a - Freeze                Ice            20%        1d4       14%         1
b - Blink                 Tloc           10%        N/A       21%         2

Your spell library contained the following spells:

 Spells                   Type           Power      Damage    Failure   Level
 Frozen Ramparts          Ice            10%        1d2       38%         3
 Hailstorm                Conj/Ice       5%         3d4       38%         3
 Manifold Assault         Tloc           5%         N/A       80%         4
 Storm Form               Tmut/Air       2%         N/A       100%        7


Dungeon Overview and Level Annotations

Branches:
Dungeon (4/15)
 Temple: D:4-7

Altars:

Annotations:
D:4 Pikel


Innate Abilities, Weirdness & Mutations

You have very sharp teeth.
Your uncanny sense of smell can sniff out nearby items.
Your experience applies equally to all skills.


Message History

You freeze Pikel.
Pikel is lightly wounded.
Aiming: Freeze (safe; 14% risk of failure)
Press: ? - help, Q - select action, (/) - cycle Shift-Dir - straight line, f/p - Pikel
Aim: Pikel, wielding a +1 whip of electrocution and wearing a +0 robe (lightly wounded)
You freeze Pikel.
Pikel is lightly wounded.
The lemure misses you.
Pikel hits you with a +1 whip of electrocution.
Pikel closely misses you.
You closely miss Pikel.
Pikel is lightly wounded.
You slash Pikel!
Pikel is moderately wounded.
Pikel misses you. The lemure closely misses you.
You completely miss Pikel. You bite Pikel, but do no damage.
Pikel is moderately wounded.
Pikel hits you with a +1 whip of electrocution!
You are electrocuted!
* * * LOW HITPOINT WARNING * * *
The lemure misses you.
You are too injured to fight recklessly!
You are too injured to fight recklessly!
You are too injured to fight recklessly!
You are too injured to fight recklessly!
You are too injured to fight recklessly!
You are too injured to fight recklessly!
You are too injured to fight recklessly!
You are too injured to fight recklessly!
You are too injured to fight recklessly!
You are too injured to fight recklessly!
You are too injured to fight recklessly!
You are too injured to fight recklessly!
You are too injured to fight recklessly!
It was a potion of attraction.
You feel attractive to monsters. The lemure hits you!
* * * LOW HITPOINT WARNING * * *
Pikel hits you with a +1 whip of electrocution!
You die...

..........))>..........##.
.#.....$...#......$.......
.#......###)...<..........
........####).............
..#...........?..#....#....
.##..#.#..)......#...###...
..####.#....)...##.........
)## ..#.........#.........
#.####.#........@K5......#
.............####5.......#
####+####....# #........# #
#....## #........## #
#......###..)...... +
#....#[......... #
..###..#.....#.#.. #
..........###### # #
#.......†##


You could see Pikel and 2 lemures.

Vanquished Creatures
  Sigmund (D:4)
  A water moccasin (D:4)
  An ogre (D:4)
  2 lemures (D:4)
  A jelly (D:4)
  Natasha (D:3)
  An iguana (D:4)
  A sleepcap (D:4)
  3 orc wizards
  4 adders
  2 gnolls (D:1)
  An ufetubus (D:3)
  3 worms
  A dart slug (D:1)
  13 orcs
  2 ball pythons (D:3)
  9 endoplasms
  4 giant cockroaches
  9 goblins
  7 hobgoblins
  A quokka (D:3)
  3 bats (D:3)
  A frilled lizard (D:1)
  7 kobolds
  11 rats
90 creatures vanquished.

Vanquished Creatures (others)
  7 plants (D:1)
7 creatures vanquished.

Grand Total: 97 creatures vanquished

Notes
Turn   | Place    | Note
-------+----------+-------------------------------------------
     0 | D:1      | arthad the Gnoll Wanderer began the quest for the Orb.
     0 | D:1      | arthad set off with the following items: a +3 falchion, a
                  | potion of lignification, a scroll of blinking, a +0 leather
                  | armour.
     0 | D:1      | Reached XP level 1. HP: 26/26 MP: 1/1
   130 | D:1      | Reached XP level 2. HP: 26/33 MP: 2/2
   277 | D:1      | Reached XP level 3. HP: 38/38 MP: 3/3
   362 | D:1      | Reached skill level 1 in Invocations
   866 | D:2      | Reached skill level 1 in Short Blades
   866 | D:2      | Reached skill level 1 in Axes
   866 | D:2      | Reached skill level 1 in Maces & Flails
   866 | D:2      | Reached skill level 1 in Polearms
   866 | D:2      | Reached skill level 1 in Staves
   866 | D:2      | Reached skill level 1 in Ranged Weapons
   866 | D:2      | Reached skill level 1 in Throwing
   866 | D:2      | Reached skill level 1 in Dodging
   866 | D:2      | Reached skill level 1 in Stealth
   866 | D:2      | Reached skill level 1 in Shields
   866 | D:2      | Reached skill level 1 in Spellcasting
   866 | D:2      | Reached skill level 1 in Evocations
  1131 | D:2      | Reached XP level 4. HP: 45/45 MP: 5/5
  1510 | D:3      | Reached skill level 1 in Conjurations
  1510 | D:3      | Reached skill level 1 in Hexes
  1510 | D:3      | Reached skill level 1 in Summonings
  1510 | D:3      | Reached skill level 1 in Necromancy
  1510 | D:3      | Reached skill level 1 in Translocations
  1510 | D:3      | Reached skill level 1 in Transmutations
  1510 | D:3      | Reached skill level 1 in Fire Magic
  1510 | D:3      | Reached skill level 1 in Ice Magic
  1510 | D:3      | Reached skill level 1 in Air Magic
  1510 | D:3      | Reached skill level 1 in Earth Magic
  1510 | D:3      | Reached skill level 1 in Poison Magic
  1612 | D:3      | HP: 2/45 [something (4)]
  1637 | D:3      | Reached XP level 5. HP: 22/51 MP: 7/7
  2176 | D:3      | Noticed Natasha
  2183 | D:3      | Killed Natasha
  2481 | D:4      | Reached XP level 6. HP: 23/57 MP: 8/8
  2584 | D:4      | Noticed a water moccasin
  2603 | D:4      | Killed a water moccasin
  2604 | D:4      | Reached skill level 5 in Armour
  2741 | D:4      | Noticed Sigmund
  2749 | D:4      | Killed Sigmund
  2750 | D:4      | Reached XP level 7. HP: 63/63 MP: 10/10
  2774 | D:4      | Reached skill level 9 in Fighting
  2971 | D:4      | Learned a level 1 spell: Freeze
  2974 | D:4      | Learned a level 2 spell: Blink
  2986 | D:4      | Noticed Pikel
  3100 | D:4      | Slain by Pikel

Illustrated notes

Levels and vault maps discovered:
D:1:      evilmike_arrival_rings, layout_basic, st_stairs_12,
          corexii_hall_statues_l, kennysheep_minor_cross, nicolae_grassy_gnolls
D:2:      layout_rooms
D:3:      layout_basic, minmay_tree_intersection, uniq_natasha
D:4:      layout_cave_pools, temple_green, uniq_pikel, uniq_sigmund

Skill      XL: |  1  2  3  4  5  6  7 |
---------------+----------------------+-----
Invocations    | 1 2 3 |  3.0
Short Blades   | 1 2 |  2.7
Axes           | 1 2 |  2.7
Maces & Flails | 1 2 |  2.7
Polearms       | 1 2 |  2.7
Staves         | 1 2 |  2.7
Ranged Weapons | 1 2 |  2.7
Throwing       | 1 2 |  2.7
Dodging        | 1 2 |  2.7
Stealth        | 1 2 |  2.7
Shields        | 1 2 |  2.7
Spellcasting   | 1 2 |  2.7
Evocations     | 1 2 |  2.7
Conjurations   | 1 2 |  2.2
Hexes          | 1 2 |  2.2
Summonings     | 1 2 |  2.2
Necromancy     | 1 2 |  2.2
Translocations | 1 2 |  2.2
Transmutations | 1 2 |  2.2
Fire Magic     | 1 2 |  2.2
Ice Magic      | 1 2 |  2.2
Air Magic      | 1 2 |  2.2
Earth Magic    | 1 2 |  2.2
Poison Magic   | 1 2 |  2.2
Unarmed Combat | 3 |  3.8
Armour         | 5 |  5.4
Long Blades    | 7 |  7.1
Fighting       | 9 |  9.0

Action                     |  1- 3 |  4- 6 |  7- 9 || total
---------------------------+-------+-------+-------++-------
  Melee: Falchion          |    71 |   185 |    34 ||   290
         Punch             |     1 |     1 |     3 ||     5
         Bite              |     3 |    15 |     5 ||    23
   Cast: Freeze            |       |       |    10 ||    10
    Use: Potion            |       |     5 |     1 ||     6
   Stab: Sleeping          |     1 |     2 |       ||     3
 Armour: Leather armour    |    11 |    67 |     4 ||    82
         Skin              |       |    13 |       ||    13
  Dodge: Dodged            |    15 |    80 |    39 ||   134

Table legend: (Time is in decaauts)
 A = Elapsed time spent in this place.
 B = Non-inter-level travel time spent in this place.
 C = Inter-level travel time spent in this place.
 D = Time resting spent in this place.
 E = Time spent auto-exploring this place.
 F = Levels seen in this place.
 G = Mean time per level.
                   A        B        C        D        E       F      G
               +--------+--------+--------+--------+--------+-----+--------+
         Total |   3094 |   3063 |     31 |    271 |   2160 |   4 |  773.5 |
       Dungeon |   3094 |   3063 |     31 |    271 |   2160 |   4 |  773.5 |
               +--------+--------+--------+--------+--------+-----+--------+

Top non-repeatable levels by time:
     D:3: 997 daAuts
     D:1: 859 daAuts
     D:4: 667 daAuts
     D:2: 569 daAuts
